Map: Catalyst LE

Players

SALTKING

  • Race: Terran Terran
  • League: Master
  • Spawn Location: 5:00

Leon - Winner!

  • Race: Terran Terran
  • League: Diamond
  • Spawn Location: 11:00

VOD

Have the link to the VOD?

Description

All-In for TvT

Time

  • Played on: Aug. 2, 2018, 5:16 a.m.
  • Length: 11:13
Show
View Real Time Build Order
Export as new Build Order

SALTKING Terran 

Build Orders: 1/1/1, Cyclone Opening, MMM Bio 

Get SALT Encoding   

  12  0:01  SCV  
  13  0:13  SCV  
  14  0:17  Supply Depot  
  14  0:25  SCV  
  15  0:31  Refinery  
  15  0:39  SCV  
  16  0:47  Barracks  
  16  0:51  SCV  
  16  0:57  Refinery  
  17  1:03  SCV  
  18  1:15  SCV  
  19  1:27  SCV  
  20  1:33  Reaper  
  20  1:38  Factory  
  20  1:39  SCV  
  22  1:47  Supply Depot  
  22  1:51  SCV  
  23  2:09  Orbital Command, Reaper  
  27  2:22  Cyclone  
  27  2:24  Starport  
  27  2:30  Supply Depot  
  27  2:36  SCV  
  29  2:50  Barracks Tech Lab  
  28  2:55  SCV  
  28  2:58  Cyclone  
  32  3:04  Medivac  
  34  3:07  SCV  
  34  3:08  Supply Depot  
  35  3:19  SCV  
  36  3:20  Liberator  
  36  3:36  SCV  
  40  3:48  SCV  
  41  3:49  Command Center  
  41  4:07  SCV  
  41  4:09  Cyclone  
  45  4:10  Marine  
  45  4:11  Stimpack  
  45  4:15  Barracks  
  46  4:30  SCV  
  46  4:50  SCV  
  46  5:03  SCV, Orbital Command  
  39  5:08  Barracks Reactor  
  39  5:10  Refinery  
  39  5:11  Starport Reactor, Factory Reactor  
  39  5:13  Marine  
  40  5:15  SCV, Refinery  
  40  5:17  Barracks  
  40  5:19  Engineering Bay, Barracks  
  40  5:20  Engineering Bay  
  38  5:27  SCV  
  38  5:31  Marine  
  38  5:34  SCV  
  40  5:39  SCV  
  41  5:44  Marine x2  
  41  5:46  SCV  
  41  5:47  Terran Infantry Armor Level 1, Terran Infantry Weapons Level 1  
  44  5:51  SCV  
  44  5:53  Marine  
  46  5:58  SCV  
  46  6:03  SCV  
  48  6:06  Supply Depot  
  48  6:09  Marine x2  
  48  6:10  SCV  
  51  6:13  Medivac, Factory Tech Lab  
  51  6:14  Combat Shields, Marine  
  51  6:15  SCV  
  51  6:16  Marine x3  
  58  6:19  Marine  
  58  6:22  SCV  
  58  6:25  Supply Depot  
  60  6:27  SCV  
  60  6:29  Supply Depot  
  61  6:33  Marine x2  
  61  6:34  Marine x3  
  61  6:36  Marine  
  61  6:37  Siege Tank  
  70  6:43  Armory  
  70  6:46  SCV  
  71  6:49  Supply Depot  
  71  6:52  SCV  
  72  7:01  Marine x6  
  73  7:02  Marine  
  73  7:03  Starport Reactor  
  73  7:05  SCV  
  73  7:06  SCV  
  81  7:12  Supply Depot  
  81  7:13  Supply Depot  
  81  7:19  Marine x2  
  83  7:31  Marine  
  83  7:32  Marine x4  
  83  7:33  Siege Tank  
  83  7:36  Marine  
  92  7:37  Marine  
  90  7:46  Medivac x2  
  90  7:49  Marine  
  90  7:50  Marine x2  
  90  7:51  SCV x2  
  99  7:52  Command Center  
  99  7:56  Terran Infantry Weapons Level 2  
  99  8:02  Terran Infantry Armor Level 2  
  99  8:05  Marine  
  99  8:06  Marine x3  
  99  8:21  Marine x2  
  99  8:22  Siege Tank  
  99  8:24  Viking x2  
  99  8:25  Marine x3  
  99  8:27  SCV  
  109  8:36  SCV  
  110  8:47  Supply Depot, Refinery  
  110  8:50  Supply Depot  
  110  8:55  Supply Depot  
  110  9:04  Marauder, SCV, Medivac x2, Marine x6  
  116  9:17  SCV x2  
  116  9:18  Orbital Command  
  116  9:21  Siege Tank  
  116  9:22  Marine  
  122  9:26  Marauder  
  120  9:39  Viking x2  
  120  9:41  SCV x2  
  120  9:42  Marine  
  120  9:43  Marine x4  
  131  9:53  SCV  
  131  9:56  Marine  
  131  9:57  Siege Tank  
  131  9:59  Marine  
  137  10:00  SCV x2, Marine  
  137  10:03  Refinery  
  137  10:05  SCV  
  141  10:09  Supply Depot  
  141  10:30  Viking x2, Marine x4  
  141  10:34  Supply Depot  
  149  10:41  Marine x3  
  144  10:48  Marine x2  
  132  10:54  Marine x2  
Show
View Real Time Build Order
Export as new Build Order

Leon Terran - Winner!

Build Orders: Reaper Expand, Mech 

Get SALT Encoding   

  12  0:02  SCV  
  13  0:18  Supply Depot  
  13  0:19  SCV  
  14  0:31  SCV  
  14  0:33  Refinery  
  15  0:42  Barracks  
  15  0:46  SCV  
  16  1:08  SCV  
  17  1:20  SCV  
  18  1:30  Reaper  
  19  1:33  Orbital Command  
  19  1:49  Command Center  
  19  2:02  Factory  
  19  2:04  SCV  
  20  2:13  Barracks Reactor  
  20  2:29  SCV  
  21  2:33  Refinery  
  21  2:41  Supply Depot  
  20  3:05  Cyclone, Hellion  
  25  3:09  SCV  
  26  3:13  Orbital Command  
  26  3:15  Barracks Tech Lab  
  26  3:21  SCV  
  27  3:33  SCV  
  27  3:36  Cyclone  
  30  3:48  SCV x2  
  32  4:00  SCV x2  
  32  4:01  Cyclone  
  37  4:12  SCV x2  
  40  4:24  SCV x2  
  37  4:36  SCV  
  37  4:38  Orbital Command  
  36  4:40  Cyclone x2  
  38  5:09  SCV  
  38  5:10  SCV  
  37  5:21  SCV  
  37  5:22  SCV  
  36  5:33  SCV  
  36  5:34  SCV  
  38  5:36  Armory  
  38  5:39  Supply Depot  
  38  5:41  Hellion x2  
  42  5:46  SCV x2  
  44  5:52  Supply Depot  
  44  5:55  Engineering Bay  
  44  6:00  Barracks Tech Lab  
  44  6:01  SCV x2, Factory  
  46  6:13  SCV  
  46  6:14  SCV  
  46  6:16  Supply Depot  
  46  6:17  Hellion x2  
  52  6:25  SCV  
  52  6:26  SCV  
  52  6:27  Barracks Reactor  
  52  6:28  Refinery  
  52  6:29  Refinery  
  54  6:35  Factory  
  54  6:38  SCV x2  
  56  6:48  Starport  
  56  6:50  SCV x2  
  56  6:54  Hellion x2  
  62  6:58  Siege Tank  
  65  7:02  SCV  
  66  7:10  Terran Vehicle Weapons Level 1  
  58  7:31  Hellion x6  
  58  7:40  SCV x2  
  60  7:50  Missile Turret  
  60  7:52  SCV x2  
  60  7:56  Siege Tank x2  
  60  7:57  Hellion  
  69  8:13  Viking  
  69  8:15  Hellion  
  69  8:18  Viking  
  70  8:20  Hellion  
  70  8:31  SCV x2, Hellion  
  70  8:33  Siege Tank  
  77  8:43  SCV x2, Viking  
  77  8:46  Hellion  
  77  8:47  Hellion  
  85  8:55  SCV  
  86  9:07  Command Center  
  86  9:12  SCV  
  85  9:24  Supply Depot  
  85  9:25  Supply Depot  
  85  9:30  Siege Tank  
  85  9:31  Hellion  
  85  9:32  Siege Tank  
  85  9:37  Hellion  
  86  9:46  SCV x2  
  88  9:53  Supply Depot  
  88  9:54  Supply Depot  
  88  9:55  Supply Depot  
  88  9:58  SCV x2  
  88  9:59  Viking  
  92  10:02  Siege Tank  
  95  10:08  Armory  
  95  10:10  SCV  
  96  10:27  Siege Tank  
  96  10:28  Hellion x2  
  103  10:30  SCV x2  
Tags
 
Add a new tag
Caveats
  • Supply blocks, unpowered buildings, or Contaminate may cause inaccurate times.
  • Supply counts are checked every 10 seconds.